Map: Eindringling LE

Players

KaßoOM - Winner!

  • Race: Zerg Zerg
  • League: Diamond
  • Spawn Location: 11:00

Panda

  • Race: Zerg Zerg
  • League: Diamond
  • Spawn Location: 5:00

VOD

Have the link to the VOD?

Description

Time

  • Played on: Sept. 7, 2017, 9:12 a.m.
  • Length: 3:43
Show
View Real Time Build Order
Export as new Build Order

KaßoOM Zerg - Winner!

Build Orders: Hatch First 

Get SALT Encoding   

  12  0:02  Drone  
  13  0:08  Drone  
  14  0:35  Hatchery  
  13  0:40  Drone  
  14  0:43  Extractor  
  14  0:44  Drone  
  14  1:01  Spawning Pool  
  13  1:06  Drone  
  13  1:11  Extractor  
  13  1:12  Drone  
  15  1:21  Overlord  
  15  1:48  Metabolic Boost  
  15  1:49  Queen  
  15  1:50  Zergling x2  
  15  1:52  Zergling x2  
  19  1:59  Zergling x4  
  21  2:04  Zergling x2  
  22  2:13  Zergling x2  
  22  2:23  Zergling x6  
  25  2:35  Zergling x6  
  22  3:00  Zergling x2  
  22  3:01  Zergling x6  
  25  3:27  Drone  
  25  3:28  Drone  
  27  3:42  Baneling Nest  
Show
View Real Time Build Order
Export as new Build Order

Panda Zerg 

Build Orders: Pool Only 

Get SALT Encoding   

  12  0:01  Drone  
  13  0:15  Extractor  
  12  0:24  Spawning Pool  
  11  0:29  Drone  
  11  0:33  Drone  
  13  0:45  Overlord  
  13  0:52  Drone  
  14  1:11  Zergling x4  
  15  1:12  Zergling x2  
  15  1:15  Metabolic Boost  
  17  1:30  Queen  
  19  1:34  Zergling x2  
  20  1:44  Baneling Nest  
  19  1:48  Zergling x2  
  20  1:56  Zergling x2  
  20  2:00  Zergling x2  
  21  2:34  Baneling x2  
  21  2:38  Zergling x2  
  19  3:01  Zergling x10  
  19  3:03  Baneling x2  
  21  3:16  Zergling x2  
  21  3:19  Overlord  
Tags
 
Matchup
ZvZ
Race
Zerg
Replay Pack
replays1
Spawn Locations
Cross Positions
Add a new tag
Caveats
  • Supply blocks, unpowered buildings, or Contaminate may cause inaccurate times.
  • Supply counts are checked every 10 seconds.